EL
PAWTUCKET PAW SOX @ WATERBURY ROUGH RIDERS
04/29/1982
 
TOP OF THE 1ST
Pawtucket Paw Sox batting - Pitching for Waterbury Rough Riders : RHP Mathew McArow
Pitching: RHP Mathew McArow
Batting: LHB Jeff Stone 0-0: Ball
1-0: Ball
2-0: Ball
3-0: Called Strike
3-1: Base on Balls
Batting: RHB Shooty Babitt 0-0: Called Strike
Jeff Stone steals 2nd base
0-1: Ball
1-1: Ball
2-1: Ball
3-1: Base on Balls
Batting: SHB Phil Ouellette 0-0: Called Strike
0-1: Ball
1-1: Fly out, F7 (Line Drive, 7, EV 86.9 MPH)
Batting: SHB Orestes Destrade 0-0: Ball
Jeff Stone steals 3rd base (no throw)
1-0: Foul Ball, location: 2F
1-1: Ball
2-1: Swinging Strike
2-2: Ball
3-2: Base on Balls
Shooty Babitt to second
Batting: RHB Brick Smith 0-0: Foul Ball, location: 2F
0-1: Swinging Strike
0-2: Foul Ball, location: 2F
0-2: SINGLE (Line Drive, 3D, EV 100.0 MPH)
Jeff Stone scores
Shooty Babitt to third
Orestes Destrade to second
Runner from 3rd tries for Home, SAFE, throw by RF to home
Batting: RHB Dave Malpeso 0-0: Called Strike
0-1: Foul Ball, location: 2F
0-2: Ball
1-2: Ball
2-2: Strikes out swinging
Batting: RHB Joseph Baciotti 0-0: Foul Ball, location: 2F
0-1: Ball
1-1: Ball
2-1: Foul Ball, location: 2F
2-2: Foul Ball, location: 2F
2-2: Ball
3-2: SINGLE (Line Drive, 78M, EV 101.3 MPH)
Orestes Destrade to third
Brick Smith to second
Orestes Destrade scores
Brick Smith to third
Batting: RHB Gary Hargis 0-0: Ball
1-0: Ball
2-0: SINGLE (Line Drive, 78M, EV 90.6 MPH)
Brick Smith scores
Joseph Baciotti to second
Batting: RHB Ted Cox 0-0: Called Strike
0-1: Foul Ball, location: 2F
0-2: Foul Ball, location: 2F
0-2: Ball
1-2: Fielders Choice at 2nd, 5-4 (Groundball, 5, EV 84.4 MPH)
Top of the 1st over - 4 runs, 3 hits, 0 errors, 2 left on base; Pawtucket 4 - Waterbury 0
BOTTOM OF THE 1ST
Waterbury Rough Riders batting - Pitching for Pawtucket Paw Sox : RHP Curtis Coward
Pitching: RHP Curtis Coward
Batting: RHB David Corman 0-0: Ball
1-0: Ball
2-0: Ground out 6-3 (Groundball, 6, EV 88.1 MPH)
Batting: RHB Jack Fimple 0-0: SINGLE (Groundball, 6MD, EV 99.4 MPH)
Batting: RHB Billy Beane 0-0: Ball
1-0: Ball
2-0: Called Strike
2-1: Ball
Jack Fimple is caught stealing 2nd base 2-4
3-1: Base on Balls
Batting: RHB john W Russell 0-0: Ball
1-0: Swinging Strike
1-1: Ball
2-1: Foul Ball, location: 2F
2-2: Strikes out swinging
Bottom of the 1st over - 0 runs, 1 hit, 0 errors, 1 left on base; Pawtucket 4 - Waterbury 0
TOP OF THE 2ND
Pawtucket Paw Sox batting - Pitching for Waterbury Rough Riders : RHP Mathew McArow
Batting: LHB Jeff Stone 0-0: Foul Ball, location: 2F
0-1: Ball
1-1: Swinging Strike
1-2: Fly out, F8 (Flyball, 8RD, EV 93.8 MPH)
Batting: RHB Shooty Babitt 0-0: Swinging Strike
0-1: Swinging Strike
0-2: Foul Ball, location: 2F
0-2: Strikes out swinging
Batting: SHB Phil Ouellette 0-0: Ball
1-0: Called Strike
1-1: Called Strike
1-2: Strikes out swinging
Top of the 2nd over - 0 runs, 0 hits, 0 errors, 0 left on base; Pawtucket 4 - Waterbury 0
BOTTOM OF THE 2ND
Waterbury Rough Riders batting - Pitching for Pawtucket Paw Sox : RHP Curtis Coward
Batting: RHB Gary Skow 0-0: Ball
1-0: Called Strike
1-1: Ball
2-1: Swinging Strike
2-2: Ball
3-2: Strikes out looking
Batting: LHB David Blume 0-0: Ball
1-0: Ball
2-0: Ground out 4-3 (Groundball, 4, EV 85.6 MPH)
Batting: RHB Daniel Purpura 0-0: Ball
1-0: Ball
2-0: Ball
3-0: Base on Balls
Batting: LHB Wilson Tucker 0-0: Ball
1-0: Ball
2-0: Ball
3-0: Foul Ball, location: 2F
3-1: Base on Balls
Daniel Purpura to second
Batting: RHB Joseph Pocoroba 0-0: Ground out 5-3 (Groundball, 56S, EV 61.3 MPH)
Bottom of the 2nd over - 0 runs, 0 hits, 0 errors, 2 left on base; Pawtucket 4 - Waterbury 0
TOP OF THE 3RD
Pawtucket Paw Sox batting - Pitching for Waterbury Rough Riders : RHP Mathew McArow
Batting: SHB Orestes Destrade 0-0: Foul Ball, location: 2F
0-1: Ball
1-1: Ball
2-1: SOLO HOME RUN (Flyball, 9D, EV 95.0 MPH), Distance : 362 ft
Batting: RHB Brick Smith 0-0: Ball
1-0: Ball
2-0: Swinging Strike
2-1: Called Strike
2-2: Ball
3-2: Foul Ball, location: 2F
3-2: Foul Ball, location: 2F
3-2: Foul Ball, location: 2F
3-2: Base on Balls
Batting: RHB Dave Malpeso 0-0: Called Strike
0-1: Ball
1-1: Swinging Strike
1-2: Strikes out looking
Batting: RHB Joseph Baciotti 0-0: Ball
1-0: Ball
2-0: Called Strike
2-1: Ball
3-1: Foul Ball, location: 2F
3-2: Base on Balls
Brick Smith to second
Batting: RHB Gary Hargis 0-0: Ball
1-0: Swinging Strike
1-1: Foul Ball, location: 2F
1-2: Ball
2-2: Strikes out swinging
Batting: RHB Ted Cox 0-0: Fly out, F8 (Line Drive, 8RD, EV 93.8 MPH)
Top of the 3rd over - 1 run, 1 hit, 0 errors, 2 left on base; Pawtucket 5 - Waterbury 0
BOTTOM OF THE 3RD
Waterbury Rough Riders batting - Pitching for Pawtucket Paw Sox : RHP Curtis Coward
Batting: RHB David Corman 0-0: Ball
1-0: Swinging Strike
1-1: Called Strike
1-2: Strikes out swinging
Batting: RHB Jack Fimple 0-0: Called Strike
0-1: Ball
1-1: Foul Ball, location: 2F
1-2: Ball
2-2: Strikes out swinging
Batting: RHB Billy Beane 0-0: Called Strike
0-1: Foul Ball, location: 2F
0-2: Ball
1-2: Ball
2-2: TRIPLE (Flyball, 89XD, EV 93.8 MPH)
Batting: RHB john W Russell 0-0: Called Strike
0-1: Foul Ball, location: 2F
0-2: Ball
1-2: Ball
Wild Pitch!
Billy Beane scores
2-2: Strikes out swinging
Bottom of the 3rd over - 1 run, 1 hit, 0 errors, 0 left on base; Pawtucket 5 - Waterbury 1
TOP OF THE 4TH
Pawtucket Paw Sox batting - Pitching for Waterbury Rough Riders : RHP Mathew McArow
Batting: LHB Jeff Stone 0-0: Ball
1-0: Ball
2-0: Ball
3-0: Base on Balls
Batting: RHB Shooty Babitt 0-0: Called Strike
0-1: SINGLE (Groundball, 56D, EV 106.3 MPH)
Jeff Stone to second
Runner from 2nd tries for 3rd, SAFE, no throw by LF
Batting: SHB Phil Ouellette 0-0: Ball
1-0: Ball
2-0: Ball
3-0: Base on Balls
Shooty Babitt to second
Batting: SHB Orestes Destrade 0-0: Swinging Strike
0-1: Ball
1-1: Ball
2-1: Ball
3-1: Base on Balls
Jeff Stone scores
Shooty Babitt to third
Phil Ouellette to second
Pitching: RHP Jeffrey Orville
Batting: RHB Brick Smith 0-0: Ball
1-0: Grounds into double play, 6-4-3 (Groundball, 6, EV 79.4 MPH)
Shooty Babitt scores
Phil Ouellette to third
Batting: RHB Dave Malpeso 0-0: Ball
1-0: Ball
2-0: Foul Ball, location: 2F
2-1: Swinging Strike
2-2: Strikes out looking
Top of the 4th over - 2 runs, 1 hit, 0 errors, 1 left on base; Pawtucket 7 - Waterbury 1
BOTTOM OF THE 4TH
Waterbury Rough Riders batting - Pitching for Pawtucket Paw Sox : RHP Curtis Coward
Batting: RHB Gary Skow 0-0: Called Strike
0-1: Foul Ball, location: 2F
0-2: Ball
1-2: Ball
2-2: Fly out, F9 (Flyball, 9, EV 91.3 MPH)
Batting: LHB David Blume 0-0: Called Strike
0-1: Swinging Strike
0-2: Ball
1-2: Strikes out looking
Batting: RHB Daniel Purpura 0-0: Ball
1-0: Called Strike
1-1: Ball
2-1: Called Strike
2-2: Ground out 6-3 (Groundball, 6, EV 86.3 MPH)
Bottom of the 4th over - 0 runs, 0 hits, 0 errors, 0 left on base; Pawtucket 7 - Waterbury 1
TOP OF THE 5TH
Pawtucket Paw Sox batting - Pitching for Waterbury Rough Riders : RHP Jeffrey Orville
Batting: RHB Joseph Baciotti 0-0: Called Strike
0-1: DOUBLE (Flyball, 8RD, EV 106.9 MPH)
Batting: RHB Gary Hargis 0-0: Called Strike
0-1: Ground out U3 (Groundball, 34S, EV 91.3 MPH)
Joseph Baciotti to third
Batting: RHB Ted Cox 0-0: Called Strike
0-1: Foul Ball, location: 2F
0-2: Ball
1-2: Ball
2-2: Strikes out swinging
Batting: LHB Jeff Stone 0-0: Called Strike
0-1: Swinging Strike
0-2: Ball
1-2: Ball
2-2: Strikes out swinging
Top of the 5th over - 0 runs, 1 hit, 0 errors, 1 left on base; Pawtucket 7 - Waterbury 1
BOTTOM OF THE 5TH
Waterbury Rough Riders batting - Pitching for Pawtucket Paw Sox : RHP Curtis Coward
Batting: LHB Wilson Tucker 0-0: Ball
1-0: Ground out 6-3 (Groundball, 6S, EV 84.4 MPH)
Batting: RHB Joseph Pocoroba 0-0: Ground out 6-3 (Groundball, 6, EV 91.3 MPH)
Batting: RHB David Corman 0-0: Called Strike
0-1: Ball
1-1: Foul Ball, location: 2F
1-2: Foul Ball, location: 2F
1-2: Hit by Pitch
Batting: RHB Jack Fimple 0-0: Foul Ball, location: 2F
0-1: Swinging Strike
0-2: Fly out, F7 (Flyball, 78XD, EV 96.3 MPH)
Bottom of the 5th over - 0 runs, 0 hits, 0 errors, 1 left on base; Pawtucket 7 - Waterbury 1
TOP OF THE 6TH
Pawtucket Paw Sox batting - Pitching for Waterbury Rough Riders : RHP Jeffrey Orville
Batting: RHB Shooty Babitt 0-0: Called Strike
0-1: Called Strike
0-2: Ball
1-2: Ball
2-2: SINGLE (Line Drive, 34D, EV 97.5 MPH)
Batting: SHB Phil Ouellette 0-0: Ball
Shooty Babitt steals 2nd base
1-0: Foul Ball, location: 2F
1-1: Foul Ball, location: 2F
1-2: Ground out 4-3 (Groundball, 4, EV 101.9 MPH)
Shooty Babitt to third
Batting: SHB Orestes Destrade 0-0: Ball
1-0: Called Strike
1-1: TRIPLE (Line Drive, 8LXD, EV 96.9 MPH)
Shooty Babitt scores
Batting: RHB Brick Smith 0-0: Swinging Strike
0-1: Ball
1-1: SINGLE (Flyball, 3D, EV 87.5 MPH)
Orestes Destrade scores
Batting: RHB Dave Malpeso 0-0: Fly out, F7 (Flyball, 78S, EV 82.5 MPH)
Batting: RHB Joseph Baciotti 0-0: Swinging Strike
0-1: Ball
1-1: Fielders Choice at 2nd, 5-4 (Groundball, 5, EV 100.6 MPH)
Top of the 6th over - 2 runs, 3 hits, 0 errors, 1 left on base; Pawtucket 9 - Waterbury 1
BOTTOM OF THE 6TH
Waterbury Rough Riders batting - Pitching for Pawtucket Paw Sox : RHP Curtis Coward
Batting: RHB Billy Beane 0-0: Foul Ball, location: 2F
0-1: Ball
1-1: Ball
2-1: Swinging Strike
2-2: Foul Ball, location: 2F
2-2: SINGLE (Line Drive, 8LS, EV 108.8 MPH)
Batting: RHB john W Russell 0-0: Ball
1-0: SINGLE (Groundball, 56D, EV 100.6 MPH)
Billy Beane to second
Batting: RHB Gary Skow 0-0: Foul Ball, location: 2F
0-1: Ball
1-1: Swinging Strike
1-2: Ball
2-2: Ball
3-2: Single, Error in OF, E7, batter to second base (Groundball, 6D, EV 99.4 MPH)
Billy Beane scores
john W Russell to third
Batting: LHB David Blume 0-0: Called Strike
0-1: Called Strike
0-2: Fly out, F9 (Flyball, 9, EV 73.8 MPH)
Batting: RHB Daniel Purpura 0-0: Ball
1-0: Called Strike
1-1: Ball
2-1: Called Strike
2-2: Strikes out looking
Batting: LHB Wilson Tucker 0-0: Ball
1-0: Ball
2-0: Called Strike
2-1: Ball
3-1: Fly out, F6 (Line Drive, 6, EV 68.1 MPH)
Bottom of the 6th over - 1 run, 3 hits, 1 error, 2 left on base; Pawtucket 9 - Waterbury 2
TOP OF THE 7TH
Pawtucket Paw Sox batting - Pitching for Waterbury Rough Riders : RHP Jeffrey Orville
Batting: RHB Gary Hargis 0-0: SINGLE (Line Drive, 9S, EV 98.1 MPH)
Pinch Hitting: SHB Gary Weiss 0-0: Ball
Gary Hargis steals 2nd base
1-0: Called Strike
1-1: Called Strike
1-2: Fly out, F8 (Flyball, 78M, EV 74.4 MPH)
Pinch Hitting: LHB Doc Brummer 0-0: Called Strike
0-1: Ball
1-1: Called Strike
1-2: Ball
2-2: Foul Ball, location: 2F
2-2: Ball
3-2: Ground out 6-3 (Groundball, 6, EV 90.6 MPH)
Gary Hargis to third
Batting: RHB Shooty Babitt 0-0: Ball
1-0: Called Strike
1-1: Ball
2-1: Swinging Strike
Balk!
Gary Hargis scores
2-2: Ground out 6-3 (Groundball, 6M, EV 99.4 MPH)
Top of the 7th over - 1 run, 1 hit, 0 errors, 0 left on base; Pawtucket 10 - Waterbury 2
BOTTOM OF THE 7TH
Waterbury Rough Riders batting - Pitching for Pawtucket Paw Sox : RHP Curtis Coward
Now at SS: Gary Weiss
Now in CF: Doc Brummer
Batting: RHB Joseph Pocoroba 0-0: Ball
1-0: DOUBLE (Line Drive, 8RD, EV 108.1 MPH)
Batting: RHB David Corman 0-0: Ball
1-0: Ball
2-0: Ball
3-0: Called Strike
3-1: Called Strike
3-2: Fly out, F7 (Flyball, 7LD, EV 88.1 MPH)
Runner from 2nd tags up, SAFE at 3rd, no throw by LF
Pinch Hitting: RHB John Pyle 0-0: Foul Ball, location: 2F
0-1: Foul Ball, location: 2F
0-2: Strikes out looking
Batting: RHB Billy Beane 0-0: Ball
1-0: Called Strike
1-1: Ball
2-1: Called Strike
2-2: Ball
3-2: Reached on error, E5 (Groundball, 56S, EV 81.9 MPH)
Joseph Pocoroba scores
Batting: RHB john W Russell 0-0: Called Strike
0-1: Ball
1-1: Fly out, F8 (Flyball, 78D, EV 84.4 MPH)
Bottom of the 7th over - 1 run, 1 hit, 1 error, 1 left on base; Pawtucket 10 - Waterbury 3
TOP OF THE 8TH
Pawtucket Paw Sox batting - Pitching for Waterbury Rough Riders : RHP Jeffrey Orville
Now at 1B: John Pyle
Batting: SHB Phil Ouellette 0-0: Ball
1-0: Foul Ball, location: 2F
1-1: Ground out 5-3 (Groundball, 56D, EV 84.4 MPH)
Batting: SHB Orestes Destrade 0-0: Ball
1-0: Foul Ball, location: 2F
1-1: Swinging Strike
1-2: Strikes out swinging
Batting: RHB Brick Smith 0-0: Fly out, F8 (Flyball, 8LS, EV 83.1 MPH)
Top of the 8th over - 0 runs, 0 hits, 0 errors, 0 left on base; Pawtucket 10 - Waterbury 3
BOTTOM OF THE 8TH
Waterbury Rough Riders batting - Pitching for Pawtucket Paw Sox : RHP Curtis Coward
Pinch Hitting: RHB Steven Trumbauer 0-0: Called Strike
0-1: Called Strike
0-2: Fly out, F4 (Line Drive, 4, EV 61.3 MPH)
Batting: LHB David Blume 0-0: Ball
1-0: Foul Ball, location: 2F
1-1: Ball
2-1: Ball
3-1: SINGLE (Line Drive, 9S, EV 92.5 MPH)
Batting: RHB Daniel Purpura 0-0: Called Strike
0-1: Swinging Strike
0-2: Ball
1-2: Strikes out swinging
Batting: LHB Wilson Tucker 0-0: Ball
Wild Pitch!
David Blume to second
1-0: Ground out 6-3 (Groundball, 6, EV 104.4 MPH)
Bottom of the 8th over - 0 runs, 1 hit, 0 errors, 1 left on base; Pawtucket 10 - Waterbury 3
TOP OF THE 9TH
Pawtucket Paw Sox batting - Pitching for Waterbury Rough Riders : RHP Jeffrey Orville
Pitching: RHP John Maxson
Now in LF: Steven Trumbauer
Batting: RHB Dave Malpeso 0-0: Ball
1-0: Ground out 6-3 (Groundball, 6, EV 90.6 MPH)
Batting: RHB Joseph Baciotti 0-0: Ball
1-0: Ball
2-0: Ground out 1-3 (Groundball, 23, EV 70.0 MPH)
Batting: RHB Gary Hargis 0-0: Ball
1-0: Fly out, F9 (Flyball, 89M, EV 93.8 MPH)
Top of the 9th over - 0 runs, 0 hits, 0 errors, 0 left on base; Pawtucket 10 - Waterbury 3
BOTTOM OF THE 9TH
Waterbury Rough Riders batting - Pitching for Pawtucket Paw Sox : RHP Curtis Coward
Batting: RHB Joseph Pocoroba 0-0: Ball
1-0: Ball
2-0: Foul Ball, location: 2F
2-1: Called Strike
2-2: DOUBLE (Line Drive, 7LM, EV 111.3 MPH)
Batting: RHB David Corman 0-0: Fly out, F8 (Flyball, 8RM, EV 80.0 MPH)
Batting: RHB John Pyle 0-0: Foul Ball, location: 2F
0-1: Called Strike
0-2: Strikes out swinging
Pitching: RHP Terry McAnnally
Batting: RHB Billy Beane 0-0: Called Strike
0-1: Ball
1-1: Swinging Strike
1-2: Foul Ball, location: 2F
1-2: Ground out 5-3 (Groundball, 56S, EV 82.5 MPH)
Bottom of the 9th over - 0 runs, 1 hit, 0 errors, 1 left on base; Pawtucket 10 - Waterbury 3
Thursday, July 23rd, 2020 - OOTP Baseball 21.5 Build 71